Map: Frozen Temple

Players

hartersd

  • Race: Protoss Protoss
  • Spawn Location: 11:00

Fropez - Winner!

  • Race: Protoss Protoss
  • League: Silver
  • Spawn Location: 5:00

VOD

Have the link to the VOD?

Description

Time

  • Played on: June 9, 2016, 2:37 p.m.
  • Length: 31:24
Show
View Real Time Build Order
Export as new Build Order

hartersd Protoss 

Build Orders:  

Get SALT Encoding   

  12  0:02  Probe (Chrono Boost)  
  13  0:13  Probe (Chrono Boost)  
  14  0:23  Probe (Chrono Boost)  
  14  0:24  Pylon  
  15  0:43  Gateway  
  15  0:47  Assimilator  
  15  0:49  Probe (Chrono Boost)  
  16  0:55  Assimilator  
  16  1:00  Probe (Chrono Boost)  
  17  1:10  Probe (Chrono Boost)  
  18  1:21  Probe (Chrono Boost)  
  18  1:22  Pylon  
  19  1:30  Cybernetics Core  
  19  1:31  Probe (Chrono Boost)  
  20  1:42  Probe (Chrono Boost)  
  21  1:52  Probe (Chrono Boost)  
  22  2:01  Pylon  
  22  2:03  Probe (Chrono Boost)  
  23  2:09  Robotics Facility  
  23  2:13  Probe (Chrono Boost)  
  24  2:21  Robotics Facility  
  25  2:46  Sentry (Chrono Boost)  
  29  3:01  Immortal (Chrono Boost)  
  29  3:09  Immortal (Chrono Boost)  
  33  3:13  Mothership Core  
  35  3:24  Pylon  
  29  4:01  Immortal (Chrono Boost)  
  37  4:04  Immortal (Chrono Boost)  
  37  4:13  Stalker (Chrono Boost)  
  39  4:42  Stalker (Chrono Boost)  
  41  5:01  Observer, Immortal  
  41  5:06  Pylon  
  46  5:09  Pylon  
  46  5:24  Stalker (Chrono Boost)  
  48  5:29  Nexus  
  48  5:47  Observer  
  49  5:50  Stalker (Chrono Boost)  
  49  5:53  Assimilator  
  49  5:56  Assimilator  
  51  6:16  Stalker (Chrono Boost)  
  31  7:11  Stalker (Chrono Boost)  
  27  7:37  Stalker (Chrono Boost)  
  27  7:41  Immortal x2  
  35  7:51  Probe  
  36  7:58  Probe  
  36  8:03  Probe, Stalker (Chrono Boost)  
  40  8:08  Probe  
  40  8:15  Probe  
  38  8:27  Probe x2  
  42  8:38  Probe  
  42  8:39  Probe  
  42  8:44  Stargate  
  42  8:48  Probe  
  42  8:49  Stargate  
  42  8:53  Probe  
  44  8:59  Probe  
  45  9:05  Probe  
  46  9:10  Pylon, Probe  
  47  9:17  Probe  
  47  9:20  Probe  
  49  9:27  Stargate  
  49  9:29  Probe  
  49  9:31  Probe  
  51  9:41  Probe  
  52  10:04  Void Ray x2  
  60  10:07  Mothership Core  
  62  10:16  Stalker (Chrono Boost)  
  64  10:22  Void Ray  
  68  10:42  Stalker (Chrono Boost)  
  70  11:10  Stalker  
  72  11:19  Nexus, Phoenix  
  72  11:20  Phoenix  
  72  11:21  Void Ray, Stargate  
  80  11:30  Observer  
  61  12:29  Protoss Air Weapons Level 1 (Chrono Boost)  
  61  12:55  Pylon  
  61  13:07  Pylon  
  61  13:21  Pylon  
  61  13:24  Void Ray x2  
  61  13:25  Pylon  
  68  13:39  Void Ray  
  71  13:49  Void Ray  
  71  13:55  Fleet Beacon  
  83  14:56  Void Ray x2  
  83  14:58  Pylon  
  83  14:59  Pylon  
  83  15:15  Pylon  
  83  15:19  Pylon  
  83  15:23  Immortal  
  83  15:27  Pylon  
  81  16:43  Pylon  
  81  17:00  Carrier x2  
  85  17:40  Probe  
  80  17:52  Probe  
  82  18:00  Mothership Core  
  82  18:04  Probe  
  84  18:16  Probe  
  84  18:28  Probe  
  84  18:40  Probe  
  84  18:53  Probe  
  70  20:30  Probe  
  71  20:41  Probe  
  44  28:49  Anion Pulse-Crystals  
Show
View Real Time Build Order
Export as new Build Order

Fropez Protoss - Winner!

Build Orders:  

Get SALT Encoding   

  12  0:01  Probe (Chrono Boost)  
  13  0:16  Pylon  
  13  0:18  Probe (Chrono Boost)  
  14  0:29  Probe (Chrono Boost)  
  15  0:36  Gateway  
  15  0:39  Probe (Chrono Boost)  
  16  0:50  Probe (Chrono Boost), Assimilator  
  17  1:00  Probe (Chrono Boost)  
  18  1:04  Pylon  
  18  1:11  Probe (Chrono Boost)  
  19  1:21  Probe (Chrono Boost)  
  20  1:28  Cybernetics Core  
  20  1:31  Gateway  
  20  1:36  Probe (Chrono Boost)  
  21  1:42  Assimilator  
  21  1:46  Probe (Chrono Boost)  
  22  1:54  Pylon  
  22  1:57  Probe (Chrono Boost)  
  23  2:09  Probe (Chrono Boost)  
  23  2:13  Stalker  
  26  2:17  Stalker  
  26  2:20  Warp Gate (Chrono Boost)  
  28  2:24  Probe (Chrono Boost)  
  29  2:43  Probe (Chrono Boost)  
  30  2:46  Stalker  
  32  2:54  Mothership Core (Chrono Boost)  
  32  2:57  Pylon, Stalker  
  36  3:04  Pylon  
  36  3:12  Probe (Chrono Boost)  
  37  3:16  Stalker  
  37  3:44  Probe  
  36  3:56  Probe  
  36  3:57  Pylon  
  37  4:03  Gateway  
  37  4:06  Gateway  
  37  4:08  Probe  
  37  4:15  Twilight Council  
  37  4:20  Probe  
  37  4:23  Stargate  
  38  4:30  Stalker x2  
  42  4:32  Probe  
  43  4:44  Probe  
  44  4:55  Nexus  
  44  5:00  Stalker  
  44  5:05  Stalker  
  48  5:12  Blink (Chrono Boost)  
  48  5:23  Probe  
  48  5:25  Void Ray  
  53  5:35  Probe  
  54  5:47  Probe  
  53  6:10  Pylon  
  53  6:12  Pylon  
  53  6:15  Assimilator  
  53  6:20  Stalker x3  
  53  6:21  Stalker  
  55  6:53  Pylon  
  44  7:02  Zealot  
  44  7:39  Cybernetics Core  
  44  7:40  Pylon  
  44  7:44  Pylon  
  44  7:45  Pylon, Probe  
  44  7:50  Forge  
  45  7:52  Assimilator  
  45  8:16  Stalker  
  45  8:17  Stalker  
  47  8:34  Pylon  
  47  8:39  Photon Cannon  
  47  8:40  Gateway  
  47  8:43  Pylon  
  47  8:45  Protoss Ground Weapons Level 1 (Chrono Boost)  
  47  8:48  Stalker x2  
  51  9:07  Probe  
  51  9:08  Pylon, Probe  
  52  9:13  Photon Cannon  
  53  9:20  Stalker x2  
  53  9:21  Stalker  
  53  9:24  Gateway  
  59  9:26  Probe x2  
  59  9:27  Gateway  
  59  9:28  Robotics Facility  
  61  9:49  Probe x2, Photon Cannon  
  63  9:53  Stalker x4  
  71  10:23  Stalker  
  71  10:24  Stalker x5  
  83  10:31  Observer (Chrono Boost)  
  83  10:34  Protoss Ground Weapons Level 2  
  84  10:48  Photon Cannon  
  84  10:49  Pylon  
  84  10:53  Probe x2  
  86  10:59  Pylon x2, Stalker  
  86  11:00  Stalker x3  
  94  11:08  Probe  
  96  11:18  Observer (Chrono Boost)  
  96  11:26  Nexus  
  96  11:33  Pylon, Probe  
  96  11:34  Probe  
  96  11:36  Pylon  
  78  12:19  Stalker x6  
  66  12:46  Stalker x5  
  76  12:51  Stalker  
  76  12:53  Assimilator  
  76  12:54  Assimilator  
  76  12:57  Photon Cannon  
  79  12:58  Probe  
  79  13:04  Probe  
  80  13:14  Stalker x3  
  86  13:43  Stalker x5  
  86  13:44  Stalker  
  98  13:54  Gateway  
  98  13:56  Probe  
  98  13:57  Probe x2  
  101  14:03  Protoss Ground Weapons Level 3 (Chrono Boost)  
  101  14:08  Stalker x2  
  101  14:09  Stalker x2  
  83  14:54  Stalker x6  
  95  15:09  Pylon, Gateway  
  95  15:13  Photon Cannon  
  95  15:19  Pylon  
  95  15:33  Stalker x5  
  95  15:34  Stalker x2  
  109  15:42  Photon Cannon  
  109  15:44  Photon Cannon  
  109  15:47  Photon Cannon  
  110  15:50  Probe x2, Photon Cannon  
  99  16:13  Stalker x3  
  99  16:14  Stalker x2  
  109  16:58  Stalker  
  109  16:59  Stalker x5  
  109  17:00  Stalker  
  123  17:04  Observer  
  124  17:26  Observer  
  124  17:28  Nexus  
  125  17:32  Assimilator  
  125  17:33  Assimilator, Protoss Ground Armor Level 1 (Chrono Boost)  
  125  17:35  Pylon  
  117  17:49  Stalker x6  
  117  17:50  Stalker x2  
  125  18:36  Warp Prism  
  127  18:42  Stalker  
  127  18:43  Stalker x5  
  137  18:57  Gateway  
  137  18:58  Probe  
  137  19:01  Gateway  
  134  19:12  Warp Prism  
  136  19:24  Probe  
  137  19:28  Stalker x5  
  137  19:29  Stalker x3  
  143  19:54  Nexus  
  120  20:23  Stalker x4  
  120  20:24  Stalker  
  120  20:25  Adept  
  90  21:38  Stalker x4  
  90  21:39  Stalker x3  
  92  21:50  Assimilator  
  92  21:52  Assimilator  
  92  22:07  Stalker x5  
  92  22:08  Stalker x3  
  102  22:43  Stalker x3  
  102  22:44  Stalker x4  
  110  22:45  Stalker  
  104  23:10  Stalker x3  
  104  23:11  Stalker x2  
  102  23:33  Nexus  
  101  23:36  Pylon x2  
  91  24:06  Cybernetics Core  
  91  24:09  Gateway  
  91  24:10  Forge  
  91  24:12  Nexus  
  91  24:14  Pylon, Assimilator  
  91  24:17  Assimilator, Gateway x2  
  91  24:20  Gateway  
  91  24:22  Pylon  
  91  24:25  Assimilator  
  91  24:27  Assimilator  
  90  24:33  Pylon  
  90  24:35  Pylon  
  90  24:42  Pylon  
  90  24:43  Pylon  
  90  24:45  Gateway, Stalker x2  
  92  25:12  Stalker x3  
  92  25:13  Stalker  
  77  25:58  Twilight Council, Stalker x5  
  85  26:27  Stalker x3  
  85  26:28  Stalker x2  
  85  26:32  Pylon  
  95  26:35  Pylon  
  95  26:36  Pylon  
  95  26:41  Templar Archives  
  95  26:44  Pylon  
  95  26:46  Gateway  
  91  26:48  Gateway  
  73  26:55  Stalker x3  
  73  26:56  Stalker  
  73  26:58  Stalker  
  74  27:25  High Templar  
  74  27:26  High Templar x2  
  78  27:31  Archon  
  78  27:38  Nexus  
  78  27:41  Assimilator  
  78  27:43  High Templar, Assimilator  
  78  27:44  High Templar  
  82  27:47  Archon  
  82  27:50  Nexus  
  82  27:54  Assimilator  
  82  27:56  Assimilator  
  82  27:57  Cybernetics Core  
  82  28:07  Nexus  
  82  28:10  Assimilator  
  82  28:12  Assimilator  
  82  28:16  Pylon  
  82  28:17  Pylon  
  82  28:19  Pylon  
  82  28:30  Gateway  
  82  28:31  Gateway  
  82  28:39  High Templar x2  
  86  28:42  Archon  
  86  28:47  Mothership Core  
  86  28:51  Pylon x2  
  86  28:53  Pylon  
  80  29:12  Stalker x4  
  64  29:30  Stalker x2  
  66  29:40  Probe  
  67  30:10  Pylon x2  
  67  30:13  Pylon  
  67  30:16  Pylon  
  67  30:20  Pylon  
  67  30:22  Pylon  
  67  30:25  Pylon  
  67  30:29  Pylon x2  
  67  30:31  Pylon  
  67  30:33  Gateway  
  67  30:35  Gateway  
  67  30:37  Gateway  
  62  30:49  Stalker  
  60  30:50  Stalker x3  
  61  31:11  Stalker  
  61  31:12  Stalker  
  65  31:23  Nexus  
Tags
 
League
Silver
Matchup
PvP
Replay Pack
All Mines
Spawn Locations
Cross Positions
Add a new tag
Caveats
  • Supply blocks, unpowered buildings, or Contaminate may cause inaccurate times.
  • Supply counts are checked every 10 seconds.